 Dungeon Crawl Stone Soup version 0.24-a0-504-gcfb02b9d07 (webtiles) character file.

Game seed: 4136662910158574714

14 Mithandil the Conjurer (level 2, -1/15 HPs)
             Began as a Deep Elf Conjurer on July 16, 2019.
             Slain by an adder (2 damage)
             ... on level 2 of the Dungeon.
             The game lasted 00:04:20 (474 turns).

Mithandil the Conjurer (Deep Elf Conjurer)           Turns: 474, Time: 00:04:20

Health: -1/15      AC:  3    Str:  5    XL:     2   Next: 27%
Magic:  0/8        EV: 12    Int: 19    God:
Gold:   0          SH:  0    Dex: 15    Spells: 5/8 levels left

rFire    . . .     SeeInvis .   h - +0 club
rCold    . . .     Gourm    .   (no shield)
rNeg     . . .     Faith    .   j - +0 leather armour
rPois    .         Spirit   .   (no helmet)
rElec    .         Reflect  .   (no cloak)
rCorr    .         Harm     .   (no gloves)
MR       .....                  (no boots)
Stlth    ++........             (no amulet)
HPRegen  0.05/turn              (no ring)
MPRegen  0.11/turn              (no ring)

@: lethally poisoned (-1 -> -7)
A: no striking features
a: no special abilities


You were on level 2 of the Dungeon.
You were not hungry.

You visited 1 branch of the dungeon, and saw 3 of its levels.

Inventory:

Hand Weapons
 h - a +0 club (weapon)
Missiles
 d - 12 arrows
Armour
 b - a +3 scale mail
 j - a +0 leather armour (worn)
Scrolls
 f - a scroll of random uselessness {unknown}
Potions
 e - a potion of brilliance {unknown}
 i - a potion of mutation {unknown}
Comestibles
 c - a ration


   Skills:
 + Level 2.6 Dodging
 + Level 2.7 Stealth
 * Level 3.5 Spellcasting
 * Level 4.6 Conjurations


You had 5 spell levels left.
You knew the following spells:

 Your Spells              Type           Power        Failure   Level  Hunger
a - Magic Dart            Conj           ###.         3%          1    None
b - Searing Ray           Conj           ###...       5%          2    ##.....

Your spell library contained the following spells:

 Spells                   Type           Power        Failure   Level  Hunger
 Dazzling Spray           Conj/Hex       ##....       28%         3    ###....
 Iskenderun's Mystic Bla  Conj           ###.....     36%         4    ####...
 Force Lance              Conj/Tloc      ##......     67%         4    ####...
 Fulminant Prism          Conj/Hex       ##........   67%         4    ####...


Dungeon Overview and Level Annotations

Branches:
Dungeon (3/15)

Altars:


Message History

Aim: an adder The magic dart hits the adder but does no damage.
* * * LOW HITPOINT WARNING * * *
You feel sick. The adder bites you but does no damage.
Casting: Magic Dart (safe; 3% risk of failure)
Confirm with . or Enter, or press ? or * to list all spells.
Aiming: Magic Dart (safe; 3% risk of failure)
Press: ? - help, Shift-Dir - straight line, f/p - adder
Aim: an adder The magic dart hits the adder.
The adder is heavily wounded.
The adder barely misses you.
Casting: Magic Dart (safe; 3% risk of failure)
Confirm with . or Enter, or press ? or * to list all spells.
You don't have enough magic to cast that spell.
Unknown command.
You hit the adder.
The adder is heavily wounded.
The adder bites you but does no damage. The adder bites you.
You die...

##########
#######........#########
........######..@S.....#
######### #########.# #.#
## #.# .######## #†#
....S...# #.#
.######.##############.####
## #.##......†.........#
#.##>#########...##.#


You could see an adder.

Vanquished Creatures
  2 bats
  2 giant cockroaches
  2 hobgoblins
  3 jackals (D:2)
  2 frilled lizards
  A kobold (D:1)
12 creatures vanquished.

Notes
Turn   | Place    | Note
-------+----------+-------------------------------------------
     0 | D:1      | Mithandil the Deep Elf Conjurer began the quest for the
                  | Orb.
     0 | D:1      | Reached XP level 1. HP: 10/10 MP: 6/6
   382 | D:2      | Reached XP level 2. HP: 15/15 MP: 5/8
   386 | D:2      | Learned a level 2 spell: Searing Ray
   474 | D:2      | Slain by an adder

Levels and vault maps discovered:
D:1:      minmay_arrival_nine_rooms, layout_basic, minmay_three_crescents
D:2:      layout_loops_ring, first_ration, uniq_terence, uniq_sigmund
D:3:      layout_basic, lemuel_crystal_altar, overflow_temple_1_default,
          lemuel_doored_altar

Action                   || total
-------------------------++-------
Melee: Club              ||     7
 Cast: Magic Dart        ||    31
Armor: Leather armour    ||    14
Dodge: Dodged            ||    19

Table legend:
 A = Non-vault XP
 B = Vault XP
 C = Vault XP percentage of total XP
 D = Non-vault monster count
 E = Vault monster count
 F = Vault count percentage of total count
                 A         B        C        D         E       F
            +---------+---------+-------+---------+---------+-------
      Total |      20 |       0 |   0.0 |      12 |       0 |   0.0
            +---------+---------+-------+---------+---------+-------
        D:1 |       8 |       0 |   0.0 |       5 |       0 |   0.0
        D:2 |      12 |       0 |   0.0 |       7 |       0 |   0.0
            +---------+---------+-------+---------+---------+-------
